 Dungeon Crawl Stone Soup version 0.18.1-50-g88ac8fd (webtiles) character file.

88 magog001 the Shield-Bearer (level 4, -4/29 HPs)
             Began as a Gargoyle Fighter on Sept 28, 2018.
             Killed from afar by an orc wizard (6 damage)
             ... with a magic dart
             ... on level 3 of the Dungeon.
             The game lasted 00:07:50 (1825 turns).

magog001 the Shield-Bearer (Gargoyle Fighter)       Turns: 1825, Time: 00:07:51

Health: -4/29      AC: 11    Str: 26    XL:     4   Next: 53%
Magic:  4/4        EV:  7    Int:  8    God:
Gold:   84         SH:  0    Dex:  9    Spells: 0 memorised, 3 levels left

rFire  . . .     SeeInvis .     a - +0 war axe
rCold  . . .     Gourm    .     b - +0 scale mail
rNeg   + . .     Faith    .     c - +0 shield
rPois  ∞         Spirit   .     (no helmet)
rElec  +         Dismiss  .     (no cloak)
rCorr  .         Reflect  .     q - +0 pair of gloves
SustAt .         Harm     .     (no boots)
MR     .....                    (no amulet)
Stlth  ..........               (no ring)
                                (no ring)

@: confused, mighty, not resistant to hostile enchantments, extremely unstealthy
A: negative energy resistance 1, electricity resistance, unbreathing,
petrification resistance, rot immunity, AC +3
a: no special abilities


You were on level 3 of the Dungeon.
You were not hungry.

You visited 1 branch of the dungeon, and saw 3 of its levels.

You collected 84 gold pieces.

Inventory:

Hand Weapons
 a - a +0 war axe (weapon)
Armour
 b - a +0 scale mail (worn)
 c - a +0 shield (worn)
 q - a +0 pair of gloves (worn)
Scrolls
 e - a scroll of remove curse {unknown}
 f - 2 scrolls of enchant armour {unknown}
 i - a scroll of teleportation {unknown}
 k - 2 scrolls of blinking {unknown}
 m - a scroll of enchant weapon {unknown}
 n - 2 scrolls of fear {unknown}
Potions
 d - a potion of might
 g - a potion of flight {unknown}
 l - a potion of curing {unknown}
 o - a potion of resistance {unknown}
 p - a potion of mutation {unknown}
Comestibles
 h - a chunk of flesh
 j - 3 meat rations


   Skills:
 * Level 4.1 Fighting
 - Level 1.7 Axes
 * Level 4.1 Armour
 * Level 4.3 Shields


You had 3 spell levels left.
You didn't know any spells.

Dungeon Overview and Level Annotations

Branches:
Dungeon (3/15)

Altars:
Ashenzari


Innate Abilities, Weirdness & Mutations

You are resistant to torment.
Your stone body is resilient (AC +3).
You are immune to poison.
You resist negative energy.
You are resistant to electric shocks.
You can survive without breathing.
You are immune to petrification.
You are immune to rotting.


Message History

You hit something but do no damage. Something hits you but does no damage.
The orc priest calls down the wrath of Beogh upon you.
Beogh smites you!
* * * LOW HITPOINT WARNING * * *
You hear some strange, mumbled words.
You are confused.
The orc priest completely misses you. Something hits you but does no damage.
Unknown command.
You're too confused to move!
An orc wizard appears from thin air!
Reactivating autopickup.
The orc priest barely misses you. The orc wizard barely misses you.
Some of the chunks of flesh in your inventory have rotted away.
Unknown command.
The orc priest barely misses you. The orc wizard completely misses you.
You bump into the rock wall.
The orc priest calls upon Beogh to heal the orc wizard.
The orc wizard is healed somewhat.
The orc wizard points at you and mumbles some strange words.
The magic dart hits you!
You die...

###.#...#...#.##..
#..>......)....'..
#......^#####.##.. #
#.......# #....#
##.#####....... ####.#
=........$..######+####.#
#...................##†#
#.....o.o..###......#...
....####@...# #......'...
# ###### #......#...
..........#...
##############


You could see an orc priest and an orc wizard.

Vanquished Creatures
  4 adders
  A worm (D:2)
  4 dart slugs
  6 bats
  A giant cockroach (D:1)
  5 hobgoblins
  6 kobolds
  2 quokkas
  5 giant newts
  6 goblins
  2 rats (D:1)
42 creatures vanquished.

Vanquished Creatures (others)
  An orc (D:3)
1 creature vanquished.

Grand Total: 43 creatures vanquished

Notes
Turn   | Place    | Note
--------------------------------------------------------------
     0 | D:1      | magog001 the Gargoyle Fighter began the quest for the Orb.
     0 | D:1      | Reached XP level 1. HP: 14/14 MP: 1/1
    64 | D:1      | Reached XP level 2. HP: 16/19 MP: 2/2
   718 | D:1      | Reached XP level 3. HP: 21/24 MP: 3/3
  1075 | D:2      | Found a shattered altar of Ashenzari.
  1430 | D:2      | Reached XP level 4. HP: 25/29 MP: 4/4
  1821 | D:3      | HP: 1/29 [orc priest/divine providence (13)]
  1825 | D:3      | Killed from afar by an orc wizard

Skill      XL: |  1  2  3  4 |
---------------+-------------+-----
Shields        | 4 |  4.3
Fighting       | 4 |  4.1
Armour         | 4 |  4.1
Axes           | |  1.7

Action                   |  1- 3 |  4- 6 || total
-------------------------+-------+-------++-------
Melee: War axe           |   157 |    30 ||   187
  Use: Potion            |       |     1 ||     1
  Eat: Bread ration      |     1 |       ||     1
       Chunk             |     1 |       ||     1
Armor: Scale mail        |   107 |    47 ||   154
Dodge: Dodged            |    57 |    19 ||    76
Block: Shield            |    90 |    13 ||   103
